 Dungeon Crawl Stone Soup version 0.21.1-1-g345015f (webtiles) character file.

546 Monsterracer the Insei (level 7, -4/46 HPs)
             Began as an Octopode Monk on Feb 13, 2018.
             Was a Priest of Dithmenos.
             Slain by Monsterracer's ghost (10 damage)
             ... on level 4 of the Dungeon.
             The game lasted 00:06:36 (4165 turns).

Monsterracer the Insei (Octopode Monk)              Turns: 4165, Time: 00:06:37

Health: -4/46      AC:  1    Str: 10    XL:     7   Next: 28%
Magic:  8/8        EV: 15    Int: 15    God:    Dithmenos [***...]
Gold:   125        SH:  0    Dex: 14    Spells: 5/6 levels left

rFire    . . .     SeeInvis .     - Unarmed
rCold    . . .     Gourm    .   (no shield)
rNeg     . . .     Faith    .   (helmet restricted)
rPois    +         Spirit   .   (no amulet)
rElec    .         Reflect  .   g - ring of poison resistance {!d}
rCorr    +         Harm     .   j - ring of resist corrosion {!d}
MR       .....                  (no ring)
Stlth    +++++.....             (no ring)
HPRegen  0.15/turn              (no ring)
MPRegen  0.11/turn              (no ring)
                                (no ring)
                                (no ring)

@: wreathed by umbra
A: almost no armour, stealthy swim, amphibious, 8 rings, constrict 8, camouflage
1, gelatinous body 1
a: Shadow Step, Renounce Religion


You were on level 4 of the Dungeon.
You worshipped Dithmenos.
Dithmenos was most pleased with you.
You were not hungry.

You visited 1 branch of the dungeon, and saw 4 of its levels.

You collected 125 gold pieces.

Inventory:

Hand Weapons
 b - a +4 dagger of speed
Missiles
 p - 2 throwing nets (quivered)
Jewellery
 g - a ring of poison resistance (left tentacle) {!d}
 h - an uncursed ring of fire
 j - a ring of resist corrosion (right tentacle) {!d}
Wands
 n - a wand of iceblast (7)
Scrolls
 e - 2 scrolls of identify
 f - a scroll of fog
 k - a scroll of teleportation
 o - a scroll of remove curse
Potions
 a - a potion of curing
 d - a potion of flight
 i - a potion of magic
 l - a potion of ambrosia {!q}
Comestibles
 c - 3 rations


   Skills:
 + Level 3.5 Fighting
 + Level 3.6 Dodging
 + Level 4.0 Stealth
 * Level 7.0 Unarmed Combat
 + Level 1.7 Invocations


You had 5 spell levels left.
You knew the following spells:

 Your Spells              Type           Power        Failure   Level  Hunger
z - Apportation           Tloc           #.....       26%         1    ##.....


Dungeon Overview and Level Annotations

Branches:
Dungeon (4/15)
 Temple: D:4-7

Altars:
Dithmenos
Sif Muna
Uskayaw

Annotations:
D:4 Monsterracer's ghost, novice OpMo


Innate Abilities, Weirdness & Mutations

You cannot wear most types of armour.
You are very stealthy in the water. (Stealth+)
You are amphibious.
You can wear up to eight rings at the same time.
You can use your tentacles to constrict eight enemies at once.
Your skin changes colour to match your surroundings (Stealth+).
Your rubbery body absorbs attacks. (AC +1, EV +1)


Message History

You constrict the worker ant, but do no damage.
The worker ant misses you.
You tentacle-slap the worker ant.
You squeeze the worker ant, but do no damage.
The worker ant is moderately wounded.
You constrict the worker ant, but do no damage.
The worker ant closely misses you.
You tentacle-slap the worker ant but do no damage.
The worker ant is moderately wounded.
You constrict the worker ant. The worker ant bites you!
You take 8 damage, and have 38/46 hp.
You tentacle-slap the worker ant.
The worker ant is severely wounded.
You constrict the worker ant. The worker ant closely misses you.
You bludgeon the worker ant!
You kill the worker ant!
Dithmenos accepts your kill.
Your Unarmed Combat skill increases to level 7!
Monsterracer's ghost hits you!
You take 8 damage, and have 30/46 hp.
There is an escape hatch in the floor here.
Monsterracer's ghost assumes a wrestling stance.
All of the chunks of flesh in your inventory have rotted away.
Found a hand axe.
You see here a stone.
There is a stone staircase leading up here.
You miss Monsterracer's ghost.
Monsterracer's ghost closely misses you.
You closely miss Monsterracer's ghost. Monsterracer's ghost barely misses you.
You bludgeon Monsterracer's ghost!
Monsterracer's ghost is lightly damaged.
Monsterracer's ghost hits you.
You take 2 damage, and have 33/46 hp.
You closely miss Monsterracer's ghost.
Your tentacle-slap misses Monsterracer's ghost.
Monsterracer's ghost is lightly damaged.
You miss Monsterracer's ghost.
Monsterracer's ghost is lightly damaged.
Monsterracer's ghost barely misses you.
You closely miss Monsterracer's ghost.
Monsterracer's ghost is lightly damaged.
Monsterracer's ghost hits you.
You closely miss Monsterracer's ghost.
Monsterracer's ghost is lightly damaged.
Monsterracer's ghost barely misses you.
You tentacle-slap Monsterracer's ghost.
Monsterracer's ghost is moderately damaged.
Monsterracer's ghost hits you.
You take 6 damage, and have 27/46 hp.
Unknown command.
You closely miss Monsterracer's ghost.
Your squeeze misses Monsterracer's ghost.
Monsterracer's ghost is moderately damaged.
Monsterracer's ghost barely misses you.
You miss Monsterracer's ghost.
Monsterracer's ghost is moderately damaged.
Monsterracer's ghost hits you.
You take 3 damage, and have 24/46 hp.
You bludgeon Monsterracer's ghost!
Your squeeze misses Monsterracer's ghost.
Monsterracer's ghost is heavily damaged.
Monsterracer's ghost completely misses you.
You closely miss Monsterracer's ghost.
Monsterracer's ghost is heavily damaged.
Monsterracer's ghost hits you.
* * * LOW HITPOINT WARNING * * *
You take 1 damage, and have 23/46 hp.
You tentacle-slap Monsterracer's ghost.
Monsterracer's ghost is heavily damaged.
You tentacle-slap Monsterracer's ghost.
Your squeeze misses Monsterracer's ghost.
Monsterracer's ghost is heavily damaged.
Monsterracer's ghost misses you.
You tentacle-slap Monsterracer's ghost.
Monsterracer's ghost is severely damaged.
Monsterracer's ghost says, "What's the hurry?
You'll die anyway."
Monsterracer's ghost hits you.
* * * LOW HITPOINT WARNING * * *
You take 4 damage, and have 20/46 hp.
You tentacle-slap Monsterracer's ghost.
Monsterracer's ghost is severely damaged.
Monsterracer's ghost misses you.
You tentacle-slap Monsterracer's ghost.
Monsterracer's ghost is severely damaged.
Monsterracer's ghost hits you.
* * * LOW HITPOINT WARNING * * *
You take 4 damage, and have 16/46 hp.
You tentacle-slap Monsterracer's ghost.
Monsterracer's ghost is almost destroyed.
Monsterracer's ghost hits you!
* * * LOW HITPOINT WARNING * * *
You take 10 damage, and have 6/46 hp.
MASSIVE DAMAGE!!
Press: ? - help, v - describe, . - travel
Here: Monsterracer's ghost (almost destroyed, umbra)
The floor.
You closely miss Monsterracer's ghost.
Your squeeze misses Monsterracer's ghost.
Monsterracer's ghost is almost destroyed.
Monsterracer's ghost hits you!
You die...

#.##########.#.#####.######.###
#.#>...........................
#.#.# ######.#.#####.######.###
#.#.# #.#.# #.# #.#.# #.#.# #.#
#.#.# #.#.#####.# ###.#
#.#.########.........####.#.###
#.)..........#.###.......)#.#..
###[########.#.#@#.#.####.#.#.#
...........#.#.#.W......#.#.#.#
#.#.#....†...#.#.#.#..#.#.#.#.#
#.#.######.###.#.#.####.#(#.#.###
#.#......................(..))...
#.########.##############.#.#)...
#.###### #.#..............#.#####
#......# #.#.########............
##...#.# #.#.# ###.#####.#.#..


You could see Monsterracer's ghost.

Vanquished Creatures
  The ghost of pk666 the Magician, an amateur DEWz (D:3)
  A scorpion (D:4)
  3 orc wizards
  An orc priest (D:4)
  A bullfrog skeleton (D:4)
  Ijyb (D:3)
  4 worker ants (D:4)
  A hound skeleton (D:4)
  4 adders
  An ooze (D:4)
  3 worms
  2 dart slugs (D:2)
  2 leopard geckos
  11 orcs
  3 giant cockroaches
  12 goblins
  8 hobgoblins
  11 jackals
  A quokka (D:2)
  5 bats
  6 frilled lizards
  10 kobolds
  7 rats
99 creatures vanquished.

Notes
Turn   | Place    | Note
-------+----------+-------------------------------------------
     0 | D:1      | Monsterracer the Octopode Monk began the quest for the Orb.
     0 | D:1      | Reached XP level 1. HP: 16/16 MP: 1/1
    56 | D:1      | Reached XP level 2. HP: 21/21 MP: 2/2
   156 | D:1      | HP: 10/21 [goblin/club (1)]
   406 | D:1      | Reached skill level 4 in Unarmed Combat
   511 | D:1      | Reached XP level 3. HP: 24/26 MP: 3/3
   935 | D:2      | HP: 7/26 [worm (11)]
   941 | D:2      | HP: 4/26 [poisoned by an adder]
   947 | D:2      | HP: 3/26 [poisoned by an adder]
   955 | D:2      | HP: 1/26 [poisoned by an adder]
  1319 | D:2      | Reached XP level 4. HP: 31/31 MP: 4/4
  1331 | D:2      | Found a deep blue altar of Sif Muna.
  1519 | D:2      | Noticed an enchanted dagger
  1520 | D:2      | Noticed an enchanted dagger
  1523 | D:2      | Found a hide-covered altar of Uskayaw.
  1546 | D:2      | Reached skill level 5 in Unarmed Combat
  1794 | D:2      | Found a faded altar of an unknown god.
  1902 | D:2      | Became a worshipper of Dithmenos the Shadowed
  1902 | D:2      | Reached * piety under Dithmenos
  1902 | D:2      | Reached ** piety under Dithmenos
  2163 | D:3      | Noticed Ijyb
  2171 | D:3      | Killed Ijyb
  2171 | D:3      | Reached XP level 5. HP: 22/36 MP: 5/5
  2235 | D:3      | Noticed pk666's ghost (amateur DEWz)
  2243 | D:3      | HP: 18/36 [pk666's ghost/magic dart (7)]
  2244 | D:3      | Killed pk666's ghost
  2244 | D:3      | Reached *** piety under Dithmenos
  2244 | D:3      | Reached skill level 6 in Unarmed Combat
  2292 | D:2      | HP: 16/36 [goblin/club (4)]
  2511 | D:3      | HP: 15/36 [something (6)]
  2516 | D:3      | HP: 8/36 [something (5)]
  2519 | D:3      | Reached XP level 6. HP: 9/42 MP: 6/6
  3224 | D:4      | Noticed Monsterracer's ghost (novice OpMo)
  3261 | D:4      | Reached skill level 1 in Invocations
  3270 | D:4      | Learned a level 1 spell: Apportation
  3790 | D:4      | Reached XP level 7. HP: 39/46 MP: 8/8
  4113 | D:4      | Reached skill level 7 in Unarmed Combat
  4158 | D:4      | HP: 23/46 [Monsterracer's ghost (1)]
  4163 | D:4      | HP: 16/46 [Monsterracer's ghost (4)]
  4164 | D:4      | HP: 6/46 [Monsterracer's ghost (10)]
  4165 | D:4      | Slain by Monsterracer's ghost

Skill      XL: |  1  2  3  4  5  6  7 |
---------------+----------------------+-----
Unarmed Combat | 4 5 6 7 |  7.0
Stealth        | 3 4 |  4.0
Invocations    | 1 |  1.7
Fighting       | |  3.5
Dodging        | |  3.6

Action                   |  1- 3 |  4- 6 |  7- 9 || total
-------------------------+-------+-------+-------++-------
Melee: Unarmed           |    78 |   139 |    38 ||   255
       Tentacles         |     9 |    30 |     6 ||    45
       Constrict         |    17 |    33 |     5 ||    55
       Punch             |     3 |     6 |       ||     9
       Dagger            |       |     8 |       ||     8
  Use: Potion            |     1 |       |       ||     1
       Scroll            |       |     5 |     3 ||     8
 Stab: Sleeping          |     6 |    17 |     1 ||    24
       Distracted        |       |     2 |     1 ||     3
  Eat: Chunk             |     1 |     8 |     1 ||    10
Armor: Skin              |    10 |     8 |       ||    18
Dodge: Dodged            |    61 |    67 |    22 ||   150

Vault maps used:
D:1:      dpeg_arrival_tiny_g
D:2:      dancing_weapons_uskayaw, marbit_many_paths,
          chequers_ecumenical_altar_grove, minmay_domino_4
D:3:      uniq_ijyb
D:4:      uniq_robin
